 Dungeon Crawl Stone Soup version 0.21.1-1-g345015fe64 (webtiles) character file.

394 FluffierThanThou the Chopper (level 6, -2/56 HPs)
             Began as a Minotaur Berserker on June 9, 2018.
             Was a Priest of Trog.
             Slain by an orc (3 damage)
             ... on level 4 of the Dungeon.
             The game lasted 00:06:50 (2400 turns).

FluffierThanThou the Chopper (Minotaur Berserker)   Turns: 2400, Time: 00:06:50

Health: -2/56      AC:  7    Str: 23    XL:     6   Next: 51%
Magic:  5/5        EV: 11    Int:  4    God:    Trog [***...]
Gold:   159        SH:  0    Dex: 10    Spells: 5/5 levels left

rFire    . . .     SeeInvis .   d - +1 flail (holy)
rCold    . . .     Gourm    .   (no shield)
rNeg     . . .     Faith    .   v - +0 scale mail
rPois    .         Spirit   .   (helmet restricted)
rElec    .         Reflect  .   (no cloak)
rCorr    .         Harm     .   (no gloves)
MR       .....                  (no boots)
Stlth    ..........             (no amulet)
HPRegen  0.18/turn              (no ring)
MPRegen  0.09/turn              (no ring)

@: no status effects
A: retaliatory headbutt, horns 2
a: Berserk, Trog's Hand, Burn Spellbooks, Renounce Religion


You were on level 4 of the Dungeon.
You worshipped Trog.
Trog was most pleased with you.
You were not hungry.

You visited 1 branch of the dungeon, and saw 4 of its levels.

You collected 159 gold pieces.

Inventory:

Hand Weapons
 a - a +0 hand axe
 d - a +1 flail of holy wrath (weapon)
Armour
 j - a +0 ring mail
 v - a +0 scale mail (worn)
Wands
 o - a wand of enslavement (17)
 q - a wand of scattershot (6)
Scrolls
 f - 5 scrolls of teleportation {unknown}
 g - a scroll of amnesia {unknown}
 i - 3 scrolls of remove curse {unknown}
 k - 3 scrolls of identify {unknown}
 m - 2 scrolls of magic mapping {unknown}
 p - 2 scrolls of enchant armour {unknown}
 t - a scroll of fog {unknown}
Potions
 b - 2 potions of magic {unknown}
 e - 2 potions of brilliance {unknown}
 h - 2 potions of curing {unknown}
 l - a potion of degeneration {unknown}
 n - a potion of invisibility {unknown}
 u - a potion of agility {unknown}
Books
 r - a book of Changes

   Spells                             Type                      Level
   a - Beastly Appendage              Transmutation                1
   b - Sticks to Snakes               Transmutation                2
   c - Spider Form                    Transmutation/Poison         3
   d - Ice Form                       Ice/Transmutation            4
   e - Blade Hands                    Transmutation                5
   Trog disapproves of the use of such an item.
Comestibles
 c - 5 rations


   Skills:
 + Level 5.1 Fighting
 * Level 6.1 Axes
 + Level 4.3 Armour
 + Level 4.0 Dodging


You had 5 spell levels left.
You didn't know any spells.

Dungeon Overview and Level Annotations

Branches:
Dungeon (4/15)
 Temple: D:4-7

Altars:
Kikubaaqudgha
Nemelex Xobeh
Yredelemnul
The Shining One

Annotations:
D:4 Ursun's ghost, amateur OpTm


Innate Abilities, Weirdness & Mutations

You reflexively headbutt those who attack you in melee.
You have a pair of horns on your head.


Message History

You headbutt the orc wizard, but do no damage.
The orc hits you.
* * * LOW HITPOINT WARNING * * *
The orc closely misses you.
The orc wizard hits you but does no damage.
You barely miss the orc wizard. The orc wizard hits you with a dagger.
* * * LOW HITPOINT WARNING * * *
The orc barely misses you. The orc hits you but does no damage.
The orc wizard points at you and mumbles some strange words.
The magic dart hits you!
* * * LOW HITPOINT WARNING * * *
The orc hits you.
* * * LOW HITPOINT WARNING * * *
You closely miss the orc wizard. Your headbutt misses the orc wizard.
The orc barely misses you.
The orc wizard points at you and mumbles some strange words.
The puff of frost hits you!
* * * LOW HITPOINT WARNING * * *
The orc hits you.
You die...

######### ##.......####
............#
............#
............#
##.............# #
#####..........)o...#.#
#.......... #.o@...#.#
..........#.###..o....#
..........#....$......#
..........#......=..#.#
##.......##.......).#.##
##.......##.#.##.......#
.....##..##.#.##.......#
................>......#
.......#...[.....).....#


You could see an orc wizard and 2 orcs.

Vanquished Creatures
  A scorpion (D:3)
  A hound (D:4)
  2 orc priests (D:4)
  2 iguanas (D:4)
  2 orc wizards (D:4)
  Ijyb (D:3)
  A hound skeleton (D:3)
  An adder (D:3)
  A gnoll (D:1)
  4 leopard geckos
  10 orcs
  A giant cockroach (D:1)
  10 goblins
  7 hobgoblins
  10 jackals
  A quokka (D:3)
  A ball python (D:2)
  4 bats
  9 frilled lizards
  4 kobolds
  6 rats
79 creatures vanquished.

Notes
Turn   | Place    | Note
-------+----------+-------------------------------------------
     0 | D:1      | FluffierThanThou the Minotaur Berserker began the quest for the Orb.
     0 | D:1      | Reached XP level 1. HP: 19/19 MP: 0/0
    65 | D:1      | Reached XP level 2. HP: 25/27 MP: 1/1
   198 | D:1      | Reached skill level 4 in Axes
   271 | D:1      | Reached XP level 3. HP: 33/33 MP: 2/2
   594 | D:2      | Reached ** piety under Trog
   700 | D:2      | Found a sparkling altar of Nemelex Xobeh.
   887 | D:2      | Found a basalt altar of Yredelemnul.
   894 | D:2      | Found an ancient bone altar of Kikubaaqudgha.
   899 | D:2      | Found a glowing golden altar of the Shining One.
  1007 | D:3      | Noticed a scorpion
  1013 | D:3      | Killed a scorpion
  1013 | D:3      | Reached XP level 4. HP: 41/41 MP: 3/3
  1256 | D:3      | Reached skill level 5 in Axes
  1296 | D:3      | Noticed Ijyb
  1310 | D:3      | Killed Ijyb
  1310 | D:3      | Reached XP level 5. HP: 46/47 MP: 4/4
  1722 | D:4      | Reached *** piety under Trog
  1724 | D:4      | Reached XP level 6. HP: 32/55 MP: 5/5
  1729 | D:4      | Noticed Ursun's ghost (amateur OpTm)
  1955 | D:4      | Reached skill level 5 in Fighting
  2165 | D:4      | Reached skill level 6 in Axes
  2400 | D:4      | HP: 1/56 [orc wizard/puff of frost (8)]
  2400 | D:4      | Slain by an orc

Skill      XL: |  1  2  3  4  5  6 |
---------------+-------------------+-----
Fighting       | 4 5 |  5.1
Axes           | 4 5 6 |  6.1
Armour         | 3 4 |  4.3
Dodging        | 3 4 |  4.0

Action                   |  1- 3 |  4- 6 || total
-------------------------+-------+-------++-------
Melee: Hand axe          |    69 |    94 ||   163
       Headbutt          |     8 |    25 ||    33
       Flail             |       |     5 ||     5
Invok: Berserk           |     1 |     2 ||     3
  Eat: Chunk             |       |     4 ||     4
       Ration            |       |     1 ||     1
Armor: Animal skin       |     6 |       ||     6
       Ring mail         |    15 |    32 ||    47
       Scale mail        |       |     5 ||     5
Dodge: Dodged            |    44 |    65 ||   109
